 Dungeon Crawl Stone Soup version 0.26-a0-1213-gd52f5182fe (webtiles) character file.

Game seed: 12100626717090681950

87 sokol815 the Sneak (level 4, 0/29 HPs)
             Began as an Octopode Gladiator on Dec 30, 2020.
             Slain by a gnoll
             ... wielding a +0 spear
              (8 damage)
             ... on level 2 of the Dungeon.
             The game lasted 00:02:58 (1977 turns).

sokol815 the Sneak (Octopode Gladiator)             Turns: 1977, Time: 00:02:59

Health: 0/29       AC:  1    Str: 13    XL:     4   Next: 51%
Magic:  4/4        EV: 11    Int: 11    God:
Gold:   80         SH:  7    Dex: 13    Spells: 3/3 levels left

rFire    . . .     SeeInvis .   a - +0 long sword
rCold    . . .     Faith    .   d - +0 kite shield
rNeg     . . .     Spirit   .   b - +0 hat
rPois    .         Reflect  .   (no amulet)
rElec    .         Harm     .   (no ring)
rCorr    .         Rampage  .   (no ring)
Will     .....                  (no ring)
Stlth    +++.......             (no ring)
HPRegen  0.09/turn              (no ring)
MPRegen  0.09/turn              (no ring)
                                (no ring)
                                (no ring)

@: no status effects
A: almost no armour, stealthy swim, amphibious, 8 rings, constrict 8, camouflage
1, gelatinous body 1
a: no special abilities


You were on level 2 of the Dungeon.
You visited 1 branch of the dungeon, and saw 2 of its levels.

You collected 80 gold pieces.

Inventory:

Hand Weapons
 a - a +0 long sword (weapon)
 f - a +0 spear
   (You took it off a gnoll on level 1 of the Dungeon)
Missiles
 c - 3 throwing nets {=f, !d}
 i - 6 stones
Armour
 b - a +0 hat (worn)
 d - a +0 kite shield (worn)
   (You found it on level 1 of the Dungeon)
Scrolls
 e - 2 scrolls of amnesia
 g - a scroll of identify
 h - 2 scrolls of remove curse {unknown}
 j - a scroll of teleportation {unknown}
 k - a scroll of enchant weapon {unknown}
 l - a scroll of enchant armour {unknown}
Potions
 m - a potion of lignification {!q}
 n - a potion of curing


   Skills:
 - Level 2.0 Fighting
 + Level 3.6 Long Blades
 - Level 2.0 Throwing
 - Level 3.0 Dodging
 * Level 4.1 Stealth
 + Level 1.6 Shields


You had 3 spell levels left.
You didn't know any spells.
Your spell library was empty.

Dungeon Overview and Level Annotations

Branches:
Dungeon (2/15)

Altars:
Cheibriados
The Shining One


Innate Abilities, Weirdness & Mutations

You cannot wear most types of armour.
You are very stealthy in the water. (Stealth+)
You are amphibious.
You can wear up to eight rings at the same time.
You can use your tentacles to constrict eight enemies at once.
Your skin changes colour to match your surroundings (Stealth+).
Your rubbery body absorbs attacks. (AC +1, EV +1)


Message History

No target in view!
No target in view!
No target in view!
There is an escape hatch in the ceiling here.
i - 14 stones (gained 1);
m - a fuming red potion
g - 3 scrolls of identify (gained 1)
You see here a goblin corpse.
i - 15 stones (gained 1)
i - 16 stones (gained 1)
You now have 80 gold pieces (gained 23).
You see here a +0 ring mail.
You throw a stone. The ball python hisses angrily.
The stone hits the ball python.
You kill the ball python!
No target in view!
No target in view!
No target in view!
As you read the scroll of identify, it crumbles to dust.
m - a potion of lignification
i - 16 stones (gained 1)
i - 17 stones (gained 1)
You see here a bat corpse.
i - 18 stones (gained 1)
A dart slug comes into view.
A dart slug is nearby!
You throw a stone. The stone hits the dart slug.
You throw a stone. The stone hits the dart slug.
You throw a stone.
The stone hits the dart slug but does no damage.
You throw a stone. The stone hits the dart slug.
You throw a stone. The stone hits the dart slug.
The dart slug launches a dart at you. The slug dart hits you.
You take 6 damage, and have 23/29 hp.
MASSIVE DAMAGE!!
You throw a stone.
The stone hits the dart slug but does no damage.
You throw a stone.
The stone hits the dart slug but does no damage.
The dart slug launches a dart at you. The slug dart misses you.
You throw a stone. The stone hits the dart slug.
You throw a stone. The stone barely misses the dart slug.
The dart slug launches a dart at you. The slug dart hits you.
You take 4 damage, and have 19/29 hp.
You throw a stone.
The stone hits the dart slug but does no damage.
The dart slug launches a dart at you. The slug dart misses you.
You throw a stone. The stone hits the dart slug.
You throw a stone. The stone barely misses the dart slug.
The dart slug launches a dart at you. The slug dart hits you.
You take 5 damage, and have 14/29 hp.
You are too injured to fight recklessly!
You are too injured to fight recklessly!
You are too injured to fight recklessly!
You are too injured to fight recklessly!
You are too injured to fight recklessly!
You slash the dart slug!
You kill the dart slug!
You see here a spear.
n - a blue potion
There are no items here.
You see here a spear.
There is a stone staircase leading up here.
You climb upwards.
There is a stone staircase leading down here.
As you read the scroll of identify, it crumbles to dust.
n - a potion of curing You start resting.
Health restored: 29 You climb downwards.
There is a stone staircase leading up here.
Clearing quiver.
You see here a spear.
A gnoll is nearby!
A gnoll comes into view. It is wielding a +0 spear.
The gnoll shouts!
You hear a shout!
The gnoll shouts!
You block the gnoll's attack.
You slash the gnoll! You grab the gnoll. You constrict the gnoll.
A gnoll comes into view. It is wielding a +0 flail.
The gnoll hits you with a cursed -2 halberd!
You take 10 damage, and have 19/29 hp.
MASSIVE DAMAGE!!
Your shield prevents you from hitting the gnoll.
Your squeeze misses the gnoll. You constrict the gnoll.
The gnoll hits you from afar with a +0 spear!
* * * LOW HITPOINT WARNING * * *
The gnoll barely misses you.
You take 11 damage, and have 8/29 hp.
MASSIVE DAMAGE!!
You hit the gnoll but do no damage.
You squeeze the gnoll, but do no damage.
You constrict the gnoll.
You kill the gnoll!
The gnoll hits you from afar with a +0 spear!
You die...

## #. #.# ## ###..
..######
##...g##......##
##.....(g.......##
#......@.........#
#...............(#
#..............(.#
#..............(.#
#..............(.#
#.............(..#
##.....<..)..(..##
##.....#......##
###.......##...#


You could see 2 gnolls.

Vanquished Creatures
  2 gnolls
  3 adders (D:2)
  3 worms (D:2)
  A dart slug (D:2)
  A leopard gecko (D:1)
  2 giant cockroaches (D:1)
  2 goblins
  6 hobgoblins
  4 jackals
  6 kobolds
  A ball python (D:2)
  3 bats (D:2)
  2 frilled lizards
  4 rats
40 creatures vanquished.

Notes
Turn   | Place    | Note
-------+----------+-------------------------------------------
     0 | D:1      | sokol815 the Octopode Gladiator began the quest for the
                  | Orb.
     0 | D:1      | Reached XP level 1. HP: 14/14 MP: 1/1
   131 | D:1      | Reached skill level 1 in Stealth
   220 | D:1      | Reached XP level 2. HP: 12/19 MP: 2/2
   704 | D:1      | Found a glowing golden altar of the Shining One.
   728 | D:1      | Reached skill level 2 in Stealth
   740 | D:1      | Reached skill level 1 in Shields
   983 | D:1      | Reached XP level 3. HP: 24/24 MP: 3/3
  1244 | D:2      | Found a snail-covered altar of Cheibriados.
  1262 | D:2      | Reached skill level 3 in Stealth
  1529 | D:2      | Reached XP level 4. HP: 29/29 MP: 4/4
  1651 | D:2      | Reached skill level 4 in Stealth
  1977 | D:2      | Slain by a gnoll

Illustrated notes

Levels and vault maps discovered:
D:1:      minmay_arrival_arboretum_small, layout_basic, tso_metal_star
D:2:      layout_rooms, cheibriados_altar_1, minmay_domino_2

Skill      XL: |  1  2  3  4 |
---------------+-------------+-----
Stealth        | 1 2 3 4 |  4.1
Shields        | 1 |  1.6
Fighting       | |  2.0
Long Blades    | |  3.6
Throwing       | |  2.0
Dodging        | |  3.0

Action                   |  1- 3 |  4- 6 || total
-------------------------+-------+-------++-------
Melee: Long sword        |    47 |    25 ||    72
       Constrict         |    14 |     9 ||    23
       Tentacles         |    10 |     6 ||    16
Throw: Stone             |    43 |    21 ||    64
  Use: Scroll            |     2 |     2 ||     4
 Stab: Sleeping          |     1 |       ||     1
Armor: Skin              |     3 |     2 ||     5
Dodge: Dodged            |    23 |    10 ||    33
Block: Kite shield       |    15 |     5 ||    20
       Rpst.: Long sword |     3 |     3 ||     6

Table legend: (Time is in decaauts)
 A = Elapsed time spent in this place.
 B = Non-inter-level travel time spent in this place.
 C = Inter-level travel time spent in this place.
 D = Time resting spent in this place.
 E = Time spent auto-exploring this place.
 F = Levels seen in this place.
 G = Mean time per level.
                   A        B        C        D        E       F      G
               +--------+--------+--------+--------+--------+-----+--------+
         Total |   2008 |   1945 |     63 |    733 |    888 |   2 | 1004.0 |
       Dungeon |   2008 |   1945 |     63 |    733 |    888 |   2 | 1004.0 |
               +--------+--------+--------+--------+--------+-----+--------+

Top non-repeatable levels by time:
     D:1: 1496 daAuts
     D:2: 511 daAuts

Table legend:
 A = Kills in this place as a percentage of kills in entire the game.
 B = Kills by you in this place as a percentage of kills by you in the entire game.
 C = Kills by friends in this place as a percentage of kills by friends in the entire game.
 D = Other kills in this place as a percentage of other kills in the entire game.
 E = Experience gained in this place as a percentage of experience gained in the entire game.
 F = Experience gained in this place divided by the number of levels of this place that you have seen.
                   A       B       C       D       E      F
               +-------+-------+-------+-------+-------+----------------------
         Total | 100.0 | 100.0 |   N/A |   N/A | 100.0 |  70.0
       Dungeon | 100.0 | 100.0 |   N/A |   N/A | 100.0 |  70.0
               +-------+-------+-------+-------+-------+----------------------
